 Dungeon Crawl Stone Soup version 0.28-a0-239-g68911e0c57 (webtiles) character file.

Game seed: 15213973913121230888

191127 Colgate the Warrior (level 17, -23/165 HPs)
             Began as a Minotaur Fighter on Aug 23, 2021.
             Was a High Priest of Trog.
             Annihilated by an enormous slime creature (58 damage)
             ... summoned by a boggart
             ... on level 1 of the Vaults.
             The game lasted 00:58:19 (29428 turns).

Colgate the Warrior (Minotaur Fighter)             Turns: 29428, Time: 00:58:19

Health: -23/165    AC: 35    Str: 31    XL:     17   Next: 56%
Magic:  0/5        EV: 16    Int:  8    God:    Trog [*****.]
Gold:   911        SH: 20    Dex: 14    Spells: 16/16 levels left

rFire   + . .      SeeInvis .   a - +8 broad axe "Uficw" {antimagic, rN+ Str+4 Int-3 Stlth+}
rCold   . . .      Faith    .   s - +0 tower shield
rNeg    + . .      Spirit   +   j - +7 plate armour {rF+}
rPois   +          Reflect  .   o - +2 hat
rElec   .          Harm     .   w - +1 cloak {rPois}
rCorr   .          Rampage  .   g - +2 pair of gloves {Dex+3}
Will    +....                   l - +0 pair of boots
Stlth   ..........              y - amulet of guardian spirit
HPRegen 0.37/turn               b - +4 ring of evasion
MPRegen 0.09/turn               A - +6 ring of intelligence

@: on berserk cooldown
A: horns 2, retaliatory headbutt
}: 1/15 runes: gossamer
a: Renounce Religion, Berserk, Trog's Hand, Brothers in Arms


You were on level 1 of the Vaults.
You worshipped Trog.
Trog was extremely pleased with you.
You visited 6 branches of the dungeon, and saw 29 of its levels.

You collected 2654 gold pieces.
You spent 1743 gold pieces at shops.


Innate Abilities, Weirdness & Mutations

You have a pair of horns on your head.
You reflexively headbutt those who attack you in melee.


   Skills:
 + Level 18.2 Fighting
 - Level 18.0 Axes
 - Level 17.0 Armour
 - Level 11.0 Dodging
 - Level 18.0 Shields


You had 16 spell levels left.
You didn't know any spells.
Your spell library was empty.

Inventory:

Hand Weapons
 a - the +8 broad axe "Uficw" (weapon) {antimagic, rN+ Str+4 Int-3 Stlth+}
   (You acquired it in the Ecumenical Temple)

   It reduces the magical energy of the wielder, and disrupts the spells and
   magical abilities of those it strikes.
   Natural abilities and divine invocations are not affected.
   Str:       It affects your strength (+4).
   Int:       It affects your intelligence (-3).
   rN:        It protects you from negative energy.
   Stlth:     It makes you more stealthy.
 v - a +6 war axe of flaming
Armour
 g - a +2 pair of gloves of dexterity (worn)
 j - a +7 plate armour of fire resistance (worn)
 l - a +0 pair of boots (worn)
 o - a +2 hat (worn)
 q - a scarf of resistance
 s - a +0 tower shield (worn)
 w - a +1 cloak of poison resistance (worn)
Jewellery
 b - a +4 ring of evasion (left hand)
 c - an amulet of reflection
 k - a +4 ring of evasion
 y - an amulet of guardian spirit (around neck)
 A - a +6 ring of intelligence (right hand)
Wands
 p - a wand of digging (11)
Scrolls
 e - 23 scrolls of identify
 m - 3 scrolls of brand weapon
 t - 7 scrolls of teleportation
 u - 5 scrolls of enchant weapon
Potions
 d - 5 potions of might
 f - 7 potions of curing
 h - 2 potions of heal wounds
 i - 5 potions of haste
 n - 2 potions of mutation
 r - 2 potions of cancellation

Dungeon Overview and Level Annotations

Branches:
Dungeon (15/15)            Temple (1/1) D:4            Lair (6/6) D:8
  Swamp (0/4) Lair:2       Spider (4/4) Lair:2        Slime (0/5) Lair:6
    Orc (2/2) D:12            Elf (0/3) Orc:2        Vaults (1/5) D:13
 Depths (0/5) D:15

Altars:
Ashenzari
Cheibriados
Dithmenos
Elyvilon
Fedhas
Gozag
Hepliaklqana
Kikubaaqudgha
Makhleb
Nemelex Xobeh
Okawaru
Qazlal
Ru
Sif Muna
Trog
Uskayaw
Vehumet
Wu Jian
Xom
Yredelemnul
Zin
The Shining One
Beogh

Shops:
D:5 (   D:6 ?   D:9 (   Orc:1 ?   Orc:2 [?=*[


Message History

You headbutt the sphinx, but do no damage.
The sphinx is moderately wounded.
You feel the effects of Trog's Hand fading.
The sphinx falters for a moment.
You hit the sphinx.
The sphinx's magic leaks into the air.
You headbutt the sphinx, but do no damage.
The sphinx is moderately wounded.
You are no longer corroded.
You block the sphinx's attack. x2; The sphinx hits you.
You slash the sphinx!
The sphinx's magic leaks into the air.
You headbutt the sphinx!
The sphinx is severely wounded.
Your ogre rages.
You block the sphinx's attack. The sphinx barely misses you.
The sphinx closely misses you.
You hit the sphinx but do no damage.
The sphinx is heavily wounded.
You block the sphinx's attack. x2; The sphinx misses you.
You slice the sphinx!!
The sphinx's magic leaks into the air.
The sphinx is almost dead.
The wizard mumbles some strange words.
The wizard flickers and vanishes!
Deactivating autopickup; reactivate with Ctrl-A.
You block the sphinx's attack. x3
You barely miss the sphinx. You headbutt the sphinx.
The sphinx is almost dead.
You block the sphinx's attack. The sphinx hits you but does no damage.
You block the sphinx's attack.
You slash the sphinx!
You kill the sphinx!
The sphinx's corpse dissolves into shadows!
You slash the enormous slime creature!
You headbutt the enormous slime creature!
The enormous slime creature is lightly wounded.
The enormous slime creature hits you!!!
29428 ||| DRINKING 3 potions of heal wounds.
You feel much better.
Your skin stops crawling.
You feel less strong-willed. The enormous slime creature hits you!!!
You die...

#....................
#....................
#....................
#....................
#........#####.......
#......### . ###.....
#.)))####... ###...
#...##u..#.. ##..
#..O@JTu..# #..
#...##{..#.. #..
#.... ##... #.... .
#..... #..... #......
....


You could see 2 ugly things, an enormous slime creature (summoned), a deep troll
(ally target) and a friendly ogre (summoned, berserk).

Vanquished Creatures
  Gastronok (Lair:2)
  Kirke (D:15)
  4 ghost moths (Spider:4)
  4 emperor scorpions
  An ironbound preserver (Vaults:1)
  A stone giant (D:15)
  4 entropy weavers
  Azrael (D:12)
  Nessos (D:15)
  3 spark wasps (Spider:4)
  A yaktaur captain (Vaults:1)
  Josephine (Lair:4)
  Harold (D:10)
  2 boulder beetles
  An ironbound thunderhulk (Vaults:1)
  2 vault guards (D:13)
  5 hydras
  Erolcha (Orc:2)
  2 ironbound frosthearts (Vaults:1)
  Erica (D:9)
  5 centaur warriors
  9 two-headed ogres
  2 tengu warriors (D:14)
  2 death knights
  10 death yaks
  Nergalle (Orc:1)
  5 skeletal warriors (D:15)
  6 deep trolls
  Pikel (D:4)
  3 wizards
  A glowing orange brain (Vaults:1)
  A lindwurm (Lair:5)
  3 ironbound convokers (Vaults:1)
  3 orc knights
  A deep elf pyromancer (D:15)
  4 necromancers
  6 orb spiders
  21 wolf spiders
  4 cyclopes
  An orc sorcerer (Orc:2)
  19 ugly things
  23 elephants
  2 moths of wrath (Spider:4)
  2 manticores
  2 vault sentinels (Vaults:1)
  5 black mambas
  Maurice (D:8)
  5 torpor snails
  An unseen horror (D:13)
  7 cane toads
  A rime drake (Lair:6)
  6 yaktaurs
  13 komodo dragons
  6 demonic crawlers
  23 jumping spiders
  6 trolls
  5 hornets
  5 polar bears
  7 blink frogs
  3 raiju (Lair:6)
  10 slime creatures
  11 dream sheep
  2 water elementals (D:15)
  31 tarantellas
  3 wyverns
  5 wraiths
  53 redbacks
  45 yaks
  3 vampires
  3 fire elementals (D:12)
  5 basilisks
  18 humans (D:13)
  6 vampire mosquitoes
  Grum (D:8)
  2 steam dragons
  7 wargs
  A swamp worm (shapeshifter) (D:14)
  Duvessa (D:6)
  A swamp worm (Lair:2)
  16 water moccasins
  19 hell hounds
  26 orc warriors
  12 black bears
  2 ice beasts
  3 necrophages
  3 sky beasts
  20 wolves
  4 ogres
  2 boggarts (Vaults:1)
  14 centaurs
  2 lemures (D:4)
  3 phantoms
  2 kobold brigands
  10 bullfrogs
  3 gnoll sergeants
  Dowan (D:6)
  A wyvern skeleton (D:7)
  8 killer bees
  5 electric eels
  2 howler monkeys
  A crimson imp (D:7)
  A bullfrog zombie (D:7)
  4 jellies
  A hound (D:5)
  7 centaur zombies
  A gnoll shaman (D:7)
  11 orc priests
  2 centaur skeletons (D:7)
  2 iguanas (D:5)
  18 orc wizards
  A killer bee zombie (D:8)
  Robin (D:4)
  2 howler monkey zombies
  A mummy (D:10)
  A howler monkey skeleton (D:5)
  11 gnolls
  4 adders (D:4)
  15 white imps
  A worm (D:2)
  4 dart slugs
  66 orcs
  7 bats
  6 endoplasms
  6 giant cockroaches
  13 hobgoblins
  11 jackals
  7 quokkas
  12 ball pythons
  7 frilled lizards
  13 goblins
  15 kobolds
  4 rats
891 creatures vanquished.

Vanquished Creatures (collateral kills)
  Arachne (Spider:2)
  Frances (D:13)
  An ironbound preserver (Vaults:1)
  3 hydras
  3 death yaks (Lair:6)
  2 tengu warriors (D:15)
  A deep troll (Vaults:1)
  A wizard (Vaults:1)
  2 wolf spiders
  12 orb spiders
  An ugly thing (D:14)
  A slime creature (Lair:6)
  3 elephants (Lair:6)
  A cane toad (Lair:4)
  A komodo dragon (Lair:6)
  5 polar bears (Lair:6)
  6 jumping spiders
  A hornet (Spider:4)
  6 blink frogs
  5 redbacks
  6 tarantellas
  2 yaks (Lair:6)
  A wyvern (Lair:5)
  A redback simulacrum (D:15)
  An orc warrior (Orc:2)
  A black bear (Lair:6)
  5 centaurs
  4 orcs (Orc:2)
78 creatures vanquished.

Vanquished Creatures (others)
  An emperor scorpion (Spider:3)
  A wolf spider (Spider:4)
  3 bushes
  31 fungi
  69 plants
105 creatures vanquished.

Grand Total: 1074 creatures vanquished

Notes
Turn   | Place    | Note
-------+----------+-------------------------------------------
     0 | D:1      | Colgate the Minotaur Fighter began the quest for the Orb.
     0 | D:1      | Reached XP level 1. HP: 19/19 MP: 0/0
     0 | D:1      | 0 ||| counter = 43
   167 | D:1      | Found a faded altar of an unknown god.
   177 | D:1      | Reached skill level 3 in Axes
   230 | D:1      | Reached XP level 2. HP: 26/26 MP: 1/1
   657 | D:1      | Reached XP level 3. HP: 26/31 MP: 2/2
  1133 | D:1      | 1133 ||| UPGRADING to +2 pair of gloves of dexterity.
  1138 | D:1      | 1138 ||| UPGRADING to +0 plate armour of fire resistance.
  1148 | D:1      | 1148 ||| DROPPING +0 scale mail.
  1149 | D:1      | 1149 ||| READING scroll labelled BUCAWE LEHEY.
  1150 | D:1      | 1150 ||| DRINKING 2 white potions.
  1151 | D:1      | 1151 ||| DROPPING potion of degeneration.
  1618 | D:2      | 1618 ||| DROPPING +0 club.
  1627 | D:2      | Reached XP level 4. HP: 39/39 MP: 3/3
  1773 | D:2      | You fall into a shaft and drop 2 floors!
  1774 | D:4      | 1774 ||| Shafted from D:2 to D:4.
  1883 | D:4      | Noticed a bullfrog
  1886 | D:4      | Killed a bullfrog
  1887 | D:4      | Reached skill level 6 in Axes
  1887 | D:4      | Reached XP level 5. HP: 41/45 MP: 4/4
  2039 | D:4      | Found a staircase to the Ecumenical Temple.
  2048 | D:4      | Reached skill level 1 in Dodging
  2061 | Temple   | Entered the Ecumenical Temple
  2062 | Temple   | 2062 ||| Entered T.
  2068 | Temple   | Became a worshipper of Trog the Wrathful
  2303 | Temple   | 2303 ||| READING 2 scrolls labelled BUDGHE SACEXT.
  2304 | Temple   | 2304 ||| READING scroll of enchant armour.
  2304 | Temple   | 2304 ||| ENCHANTING +0 plate armour of fire resistance.
  2313 | Temple   | 2313 ||| READING scroll labelled EFRIEH HECRAET.
  2313 | Temple   | Identified a scroll of acquirement
  2313 | Temple   | 2313 ||| ACQUIRING +8 broad axe "Uficw" {antimagic, rN+
                  | Str+4 Int-3 Stlth+}
  2313 | Temple   | Acquired the +8 broad axe "Uficw" {antimagic, rN+ Str+4
                  | Int-3 Stlth+}
  2315 | Temple   | 2315 ||| SWAPPING to +8 broad axe "Uficw" {antimagic, rN+
                  | Str+4 Int-3 Stlth+}.
  2316 | Temple   | 2316 ||| DROPPING +0 war axe.
  2377 | Temple   | 2377 ||| READING scroll labelled WIAZIUM VIJEMO.
  2424 | Temple   | 2424 ||| READING scroll labelled QITRAY UNKURU.
  2483 | D:4      | Noticed an ogre
  2488 | D:4      | Killed an ogre
  2505 | D:4      | Noticed a lemure
  2505 | D:4      | Noticed a lemure
  2507 | D:4      | Noticed a lemure
  2509 | D:4      | Noticed Pikel
  2519 | D:4      | Killed a lemure
  2523 | D:4      | Killed a lemure
  2545 | D:4      | Noticed a lemure
  2548 | D:4      | Killed Pikel
  2549 | D:4      | Reached XP level 6. HP: 28/61 MP: 1/5
  2549 | D:4      | Reached XP level 7. HP: 31/67 MP: 2/6
  2723 | D:4      | 2723 ||| DROPPING +0 whip.
  2896 | D:2      | 2896 ||| Successfully unshafted to D:2.
  3042 | D:2      | 3042 ||| DRINKING 2 inky potions.
  3070 | D:3      | 3070 ||| STAIRDANCE
  3084 | D:3      | 3084 ||| Stepping randomly (stuck).
  3162 | D:3      | Found a shadowy altar of Dithmenos.
  3208 | D:3      | Reached * piety under Trog
  3438 | D:3      | 3438 ||| READING 2 scrolls of identify.
  3438 | D:3      | 3438 ||| IDENTIFYING brown potion
  3440 | D:3      | 3440 ||| Stepping randomly (stuck).
  3734 | D:4      | 3734 ||| DROPPING +1 whip of freezing.
  3902 | D:4      | Noticed Robin
  3910 | D:4      | Killed Robin
  3929 | D:4      | Found a glowing silver altar of Zin.
  3930 | D:4      | Found a glowing golden altar of the Shining One.
  3931 | D:4      | Found a white marble altar of Elyvilon.
  3965 | D:4      | 3965 ||| READING 2 scrolls of identify.
  3965 | D:4      | 3965 ||| IDENTIFYING fuming emerald potion
  3988 | D:5      | Entered Level 5 of the Dungeon
  4091 | D:5      | 4091 ||| READING scroll of enchant armour.
  4091 | D:5      | 4091 ||| ENCHANTING +1 plate armour of fire resistance.
  4140 | D:5      | Reached XP level 8. HP: 74/74 MP: 2/7
  4295 | D:5      | Found Afek's Weapon Shop.
  4616 | D:5      | Reached skill level 9 in Axes
  4810 | D:5      | 4810 ||| UPGRADING to +0 pair of boots.
  4815 | D:5      | 4815 ||| READING scroll labelled KICOW LAFUICKI.
  4885 | D:6      | Noticed Duvessa
  4890 | D:6      | Noticed Dowan
  4895 | D:6      | Killed Duvessa
  4897 | D:6      | Noticed a two-headed ogre
  4899 | D:6      | Reached skill level 3 in Dodging
  4900 | D:6      | 4900 ||| INVOKING Berserk.
  4901 | D:6      | Killed Dowan
  4903 | D:6      | Killed a two-headed ogre
  4904 | D:6      | Reached XP level 9. HP: 67/80 MP: 2/8
  4907 | D:6      | Reached skill level 6 in Shields
  5073 | D:6      | 5073 ||| INVOKING Berserk.
  5224 | D:6      | Reached skill level 6 in Armour
  5238 | D:6      | 5238 ||| STAIRDANCE
  5271 | D:5      | 5271 ||| DROPPING ring of flight.
  5272 | D:5      | 5272 ||| DRINKING 2 yellow potions.
  5273 | D:5      | 5273 ||| DROPPING potion of invisibility.
  5279 | D:6      | 5279 ||| STAIRDANCE
  5284 | D:5      | Reached skill level 12 in Axes
  5460 | D:6      | 5460 ||| INVOKING Berserk.
  5463 | D:6      | Reached ** piety under Trog
  5747 | D:6      | 5747 ||| DROPPING +0 flail.
  5811 | D:6      | Found Fybacla's Magic Scroll Shop.
  5821 | D:6      | 5821 ||| BUYING scroll of brand weapon (260 gold).
  5821 | D:6      | Bought a scroll of brand weapon for 260 gold pieces
  5821 | D:6      | 5821 ||| SHOPLISTING scroll of enchant weapon (97 gold,
                  | have 19).
  5821 | D:6      | 5821 ||| SHOPLISTING scroll of identify (26 gold, have 19).
  5897 | D:6      | 5897 ||| READING 2 scrolls labelled BUXIEDD YHYU.
  5898 | D:6      | 5898 ||| DROPPING scroll of noise.
  5930 | D:7      | Reached XP level 10. HP: 80/88 MP: 3/9
  6060 | D:7      | 6060 ||| STAIRDANCE
  6162 | D:7      | 6162 ||| STAIRDANCE
  6373 | D:7      | Reached *** piety under Trog
  6421 | D:7      | 6421 ||| READING 5 scrolls of identify.
  6421 | D:7      | 6421 ||| IDENTIFYING fizzy black potion
  6422 | D:7      | 6422 ||| DROPPING potion of flight.
  6423 | D:7      | 6423 ||| Stepping randomly (stuck).
  6424 | D:7      | 6424 ||| Stepping randomly (stuck).
  6425 | D:7      | 6425 ||| Stepping randomly (stuck).
  6437 | D:7      | 6437 ||| Stepping ~*~*~tactically~*~*~ (water).
  6438 | D:7      | 6438 ||| INVOKING Berserk.
  6491 | D:7      | Found a shimmering altar of Xom.
  6491 | D:7      | Found a burning altar of Makhleb.
  6632 | D:7      | Found a broken altar of Ashenzari.
  6632 | D:7      | Found a sacrificial altar of Ru.
  6636 | D:7      | Found a sparkling altar of Nemelex Xobeh.
  6640 | D:7      | Found an ancient bone altar of Kikubaaqudgha.
  6647 | D:7      | Found a shimmering blue altar of Sif Muna.
  6960 | D:7      | 6960 ||| DRINKING 2 black potions.
  6967 | D:7      | 6967 ||| DROPPING potion of ambrosia.
  7224 | D:8      | Reached skill level 9 in Fighting
  7317 | D:8      | 7317 ||| INVOKING Berserk.
  7389 | D:8      | 7389 ||| INVOKING Berserk.
  7529 | D:8      | Reached **** piety under Trog
  7535 | D:8      | 7535 ||| INVOKING Berserk.
  7677 | D:8      | Found a staircase to the Lair.
  7792 | D:8      | Reached skill level 9 in Shields
  7870 | D:8      | Noticed Maurice
  7870 | D:8      | Noticed Grum
  7874 | D:8      | 7874 ||| INVOKING Berserk.
  7878 | D:8      | Killed Maurice
  7885 | D:8      | Killed Grum
  8279 | D:8      | 8279 ||| UPGRADING to +0 cloak.
  8284 | D:8      | 8284 ||| UPGRADING to +4 ring of evasion.
  8285 | D:8      | 8285 ||| READING scroll labelled VEOCKI JEHE.
  8290 | D:8      | 8290 ||| READING 7 scrolls of identify.
  8290 | D:8      | 8290 ||| IDENTIFYING golden potion
  8291 | D:8      | 8291 ||| READING 6 scrolls of identify.
  8291 | D:8      | 8291 ||| IDENTIFYING ruby potion
  8292 | D:8      | 8292 ||| DROPPING potion of magic.
  8293 | D:8      | 8293 ||| DROPPING potion of lignification.
  8326 | Lair:1   | Entered Level 1 of the Lair of Beasts
  8327 | Lair:1   | 8327 ||| Entered L.
  8452 | Lair:1   | 8452 ||| INVOKING Berserk.
  8644 | Lair:1   | Reached XP level 11. HP: 76/97 MP: 3/10
  8860 | Lair:1   | Identified the +2 shortbow of the Shining Light {vorpal,
                  | rPois rC+ rCorr}
  8974 | Lair:1   | 8974 ||| UPGRADING to +0 tower shield.
  8984 | Lair:1   | 8984 ||| DROPPING +0 kite shield.
  8985 | Lair:1   | 8985 ||| DROPPING amulet of the acrobat.
  8986 | Lair:1   | 8986 ||| READING scroll labelled HOTUZUIFIC.
  8987 | Lair:1   | 8987 ||| DROPPING wand of iceblast (9).
  9054 | Lair:2   | Reached skill level 9 in Armour
  9233 | Lair:2   | 9233 ||| INVOKING Berserk.
  9291 | Lair:2   | Reached skill level 15 in Axes
  9338 | Lair:2   | 9338 ||| STAIRDANCE
  9460 | Lair:2   | 9460 ||| INVOKING Berserk.
  9567 | Lair:2   | 9567 ||| INVOKING Berserk.
  9617 | Lair:2   | Noticed a six-headed hydra
  9617 | Lair:2   | Noticed a six-headed hydra
  9620 | Lair:2   | 9620 ||| INVOKING Brothers in Arms.
  9621 | Lair:2   | 9621 ||| INVOKING Berserk.
  9626 | Lair:2   | Killed an eight-headed hydra
  9631 | Lair:2   | Killed a 12-headed hydra
  9742 | Lair:2   | Found a staircase to the Swamp.
  9843 | Lair:2   | Found a hole to the Spider Nest.
 10113 | Lair:2   | Noticed Gastronok
 10154 | Lair:2   | 10154 ||| INVOKING Berserk.
 10162 | Lair:2   | Killed Gastronok
 10491 | Lair:2   | Reached XP level 12. HP: 98/107 MP: 3/11
 10604 | Lair:2   | 10604 ||| STAIRDANCE
 10608 | Lair:1   | 10608 ||| UPGRADING to +2 hat.
 10613 | Lair:1   | 10613 ||| READING scroll labelled HYPNIFUAWO.
 10614 | Lair:1   | 10614 ||| READING 6 scrolls of identify.
 10614 | Lair:1   | 10614 ||| IDENTIFYING glowing silvery potion
 10615 | Lair:1   | 10615 ||| READING 5 scrolls of identify.
 10615 | Lair:1   | 10615 ||| IDENTIFYING green potion
 10616 | Lair:1   | 10616 ||| DROPPING potion of brilliance.
 10874 | Lair:3   | Noticed an eight-headed hydra
 11023 | Lair:3   | 11023 ||| INVOKING Brothers in Arms.
 11025 | Lair:3   | 11025 ||| SWAPPING to +0 morningstar.
 11026 | Lair:3   | 11026 ||| INVOKING Berserk.
 11027 | Lair:3   | Killed an eight-headed hydra
 11032 | Lair:3   | 11032 ||| SWAPPING to +8 broad axe "Uficw" {antimagic, rN+
                  | Str+4 Int-3 Stlth+}.
 11074 | Lair:3   | Identified the +2 robe of the Trombone {Fly rF- rN+ Dex+3}
 11672 | Lair:3   | Noticed a death yak
 11676 | Lair:3   | Noticed a death yak
 11680 | Lair:3   | Noticed a death yak
 11681 | Lair:3   | 11681 ||| INVOKING Berserk.
 11686 | Lair:3   | Killed a death yak
 11690 | Lair:3   | Killed a death yak
 11692 | Lair:3   | Killed a death yak
 12005 | Lair:3   | 12005 ||| UPGRADING to +4 ring of evasion.
 12006 | Lair:3   | 12006 ||| READING scroll labelled KEKKAO SUBUUWAIPN.
 12073 | Lair:4   | Found a frozen archway.
 12079 | Lair:4   | Reached ***** piety under Trog
 12364 | Lair:4   | 12364 ||| INVOKING Berserk.
 12371 | Lair:4   | 12371 ||| INVOKING Brothers in Arms.
 12644 | Lair:4   | Noticed Josephine
 12653 | Lair:4   | Killed Josephine
 12655 | Lair:4   | Reached XP level 13. HP: 113/116 MP: 4/12
 12826 | Lair:4   | Identified the +9 rapier of Qaaxuec {flame, +Blink} (Trog
                  | gifted it to you on level 4 of the Lair of Beasts)
 12826 | Lair:4   | Received a gift from Trog
 12878 | Lair:4   | Reached skill level 18 in Axes
 13067 | Lair:4   | 13067 ||| READING scroll labelled LITAYHATEL.
 13247 | Lair:5   | 13247 ||| INVOKING Brothers in Arms.
 13249 | Lair:5   | 13249 ||| SWAPPING to +0 morningstar.
 13250 | Lair:5   | 13250 ||| INVOKING Berserk.
 13261 | Lair:5   | 13261 ||| SWAPPING to +8 broad axe "Uficw" {antimagic, rN+
                  | Str+4 Int-3 Stlth+}.
 13488 | Lair:5   | Reached skill level 6 in Dodging
 13886 | Lair:5   | 13886 ||| UPGRADING to amulet of reflection.
 13899 | Lair:6   | Entered Level 6 of the Lair of Beasts
 13954 | Lair:6   | 13954 ||| STAIRDANCE
 14087 | Lair:6   | Reached skill level 12 in Fighting
 14139 | Lair:6   | 14139 ||| INVOKING Brothers in Arms.
 14142 | Lair:6   | 14142 ||| INVOKING Berserk.
 14156 | Lair:6   | Reached skill level 12 in Shields
 14174 | Lair:6   | 14174 ||| INVOKING Brothers in Arms.
 14175 | Lair:6   | 14175 ||| SWAPPING to +0 morningstar.
 14176 | Lair:6   | 14176 ||| Stepping ~*~*~tactically~*~*~ (outnumbered).
 14177 | Lair:6   | 14177 ||| Stepping ~*~*~tactically~*~*~ (outnumbered).
 14178 | Lair:6   | 14178 ||| Stepping ~*~*~tactically~*~*~ (outnumbered).
 14179 | Lair:6   | 14179 ||| INVOKING Brothers in Arms.
 14180 | Lair:6   | 14180 ||| INVOKING Brothers in Arms.
 14181 | Lair:6   | 14181 ||| INVOKING Brothers in Arms.
 14184 | Lair:6   | 14184 ||| SWAPPING to +8 broad axe "Uficw" {antimagic, rN+
                  | Str+4 Int-3 Stlth+}.
 14185 | Lair:6   | HP: 27/118 [acid (5)]
 14186 | Lair:6   | 14186 ||| DRINKING 2 potions of heal wounds.
 14189 | Lair:6   | Reached skill level 12 in Armour
 14323 | Lair:6   | 14323 ||| STAIRDANCE
 14410 | Lair:6   | 14410 ||| DRINKING 2 potions of cancellation.
 14417 | Lair:6   | 14417 ||| INVOKING Berserk.
 14506 | Lair:6   | Found a staircase to the Slime Pits.
 14577 | Lair:6   | Reached XP level 14. HP: 129/129 MP: 4/13
 14984 | Lair:6   | 14984 ||| INVOKING Berserk.
 15007 | Lair:6   | 15007 ||| INVOKING Brothers in Arms.
 15160 | Lair:6   | 15160 ||| INVOKING Berserk.
 15198 | Lair:6   | 15198 ||| READING scroll of enchant armour.
 15198 | Lair:6   | 15198 ||| ENCHANTING +2 plate armour of fire resistance.
 15261 | Lair:6   | 15261 ||| READING scroll of enchant armour.
 15261 | Lair:6   | 15261 ||| ENCHANTING +3 plate armour of fire resistance.
 15431 | Lair:6   | 15431 ||| READING scroll labelled KID AF BOWOSS.
 15432 | Lair:6   | 15432 ||| READING 10 scrolls of identify.
 15432 | Lair:6   | 15432 ||| IDENTIFYING purple potion
 15433 | Lair:6   | 15433 ||| READING 9 scrolls of identify.
 15433 | Lair:6   | 15433 ||| IDENTIFYING fuming coppery potion
 15434 | Lair:6   | 15434 ||| DROPPING potion of berserk rage.
 15674 | D:9      | Found Veoptaej's Antique Weapon Shoppe.
 15682 | D:9      | 15682 ||| BUYING iridescent flail (221 gold).
 15682 | D:9      | Bought an iridescent flail for 221 gold pieces
 15682 | D:9      | Identified the +8 flail of Indomitability {venom, rElec rF+
                  | Stlth+} (You bought it in a shop on level 9 of the Dungeon)
 15767 | D:9      | Noticed Erica
 15769 | D:9      | 15769 ||| INVOKING Berserk.
 15772 | D:9      | Killed Erica
 16226 | D:9      | 16226 ||| READING 9 scrolls of identify.
 16226 | D:9      | 16226 ||| IDENTIFYING blue potion
 16227 | D:9      | 16227 ||| DROPPING potion of attraction.
 16236 | D:10     | Entered Level 10 of the Dungeon
 16322 | D:10     | Found a radiant altar of Vehumet.
 16367 | D:10     | Noticed Harold
 16375 | D:10     | Killed Harold
 16414 | D:10     | Found a snail-covered altar of Cheibriados.
 16911 | D:10     | 16911 ||| DROPPING ring of protection from cold.
 16912 | D:10     | 16912 ||| READING scroll labelled VESOYT DO CEEG.
 17152 | D:11     | 17152 ||| READING scroll of enchant armour.
 17152 | D:11     | 17152 ||| ENCHANTING +4 plate armour of fire resistance.
 17739 | D:11     | 17739 ||| STAIRDANCE
 18254 | D:12     | Noticed Azrael
 18255 | D:12     | 18255 ||| INVOKING Brothers in Arms.
 18260 | D:12     | 18260 ||| INVOKING Berserk.
 18266 | D:12     | Killed Azrael
 18493 | D:12     | Found a staircase to the Orcish Mines.
 18524 | D:12     | 18524 ||| INVOKING Berserk.
 18652 | Orc:1    | Entered Level 1 of the Orcish Mines
 18653 | Orc:1    | 18653 ||| Entered O.
 18682 | Orc:1    | Found a flagged portal.
 18695 | Orc:1    | Noticed Nergalle
 18710 | Orc:1    | Killed Nergalle
 18801 | Orc:1    | Reached ****** piety under Trog
 18802 | Orc:1    | Received a gift from Trog
 18806 | Orc:1    | 18806 ||| DROPPING +0 morningstar.
 18807 | Orc:1    | 18807 ||| DROPPING +8 flail of Indomitability {venom, rElec
                  | rF+ Stlth+}.
 18861 | Orc:1    | Found Bovulaet's Magic Scroll Shop.
 18884 | Orc:1    | 18884 ||| BUYING scroll of enchant armour (82 gold).
 18884 | Orc:1    | Bought a scroll of enchant armour for 82 gold pieces
 18884 | Orc:1    | 18884 ||| READING scroll of enchant armour.
 18884 | Orc:1    | 18884 ||| ENCHANTING +5 plate armour of fire resistance.
 19067 | Orc:2    | Entered Level 2 of the Orcish Mines
 19067 | Orc:2    | Noticed Erolcha
 19068 | Orc:2    | 19068 ||| INVOKING Trog's Hand.
 19069 | Orc:2    | 19069 ||| INVOKING Brothers in Arms.
 19072 | Orc:2    | 19072 ||| INVOKING Berserk.
 19074 | Orc:2    | Killed Erolcha
 19075 | Orc:2    | Reached XP level 15. HP: 139/139 MP: 4/14
 19122 | Orc:2    | 19122 ||| STAIRDANCE
 19379 | Orc:2    | 19379 ||| STAIRDANCE
 19398 | Orc:2    | 19398 ||| STAIRDANCE
 19414 | Orc:2    | 19414 ||| STAIRDANCE
 19454 | Orc:2    | Reached skill level 15 in Fighting
 19454 | Orc:2    | 19454 ||| STAIRDANCE
 19499 | Orc:2    | 19499 ||| STAIRDANCE
 19540 | Orc:2    | 19540 ||| STAIRDANCE
 19551 | Orc:2    | 19551 ||| STAIRDANCE
 19585 | Orc:2    | 19585 ||| INVOKING Trog's Hand.
 19589 | Orc:2    | 19589 ||| INVOKING Berserk.
 19670 | Orc:2    | Found a staircase to the Elven Halls.
 19731 | Orc:2    | Found Ygozxo's Antique Armour Shoppe.
 19741 | Orc:2    | 19741 ||| BUYING jewelled cloak (332 gold).
 19741 | Orc:2    | Bought a jewelled cloak for 332 gold pieces
 19741 | Orc:2    | Identified the +1 cloak "Jepnuun" {-Tele rC- Str+4 Int+8}
                  | (You bought it in a shop on level 2 of the Orcish Mines)
 19741 | Orc:2    | 19741 ||| BUYING runed cloak (262 gold).
 19741 | Orc:2    | Bought a runed cloak for 262 gold pieces
 19791 | Orc:2    | Found Soxyop's General Store.
 19791 | Orc:2    | Found Vumikk's Jewellery Shop.
 19793 | Orc:2    | Found Vipsa's Antique Armour Emporium.
 19794 | Orc:2    | Found Edunirphu's Magic Scroll Boutique.
 19800 | Orc:2    | 19800 ||| BUYING amulet of guardian spirit (450 gold).
 19800 | Orc:2    | Bought an amulet of guardian spirit for 450 gold pieces
 19800 | Orc:2    | 19800 ||| SHOPLISTING ring of poison resistance (300 gold,
                  | have 150).
 19800 | Orc:2    | 19800 ||| SHOPLISTING ring of protection from fire (375
                  | gold, have 150).
 19802 | Orc:2    | 19802 ||| SHOPLISTING scroll of brand weapon (260 gold,
                  | have 150).
 19802 | Orc:2    | 19802 ||| BUYING scroll of enchant weapon (97 gold).
 19802 | Orc:2    | Bought a scroll of enchant weapon for 97 gold pieces
 19802 | Orc:2    | 19802 ||| BUYING scroll of teleportation (39 gold).
 19802 | Orc:2    | Bought a scroll of teleportation for 39 gold pieces
 19802 | Orc:2    | 19802 ||| SHOPLISTING scroll of teleportation (39 gold,
                  | have 14).
 19807 | Orc:2    | 19807 ||| SHOPLISTING runed cloak (225 gold, have 14).
 19995 | Orc:2    | 19995 ||| DROPPING +1 cloak "Jepnuun" {-Tele rC- Str+4
                  | Int+8}.
 19996 | Orc:2    | 19996 ||| UPGRADING to +1 cloak of poison resistance.
 20006 | Orc:2    | 20006 ||| DROPPING +0 cloak.
 20007 | Orc:2    | 20007 ||| UPGRADING to amulet of guardian spirit.
 20343 | D:13     | 20343 ||| INVOKING Brothers in Arms.
 20347 | D:13     | 20347 ||| SWAPPING to +6 war axe of flaming.
 20350 | D:13     | 20350 ||| SWAPPING to +8 broad axe "Uficw" {antimagic, rN+
                  | Str+4 Int-3 Stlth+}.
 20438 | D:13     | Noticed Frances
 20439 | D:13     | 20439 ||| INVOKING Brothers in Arms.
 20442 | D:13     | 20442 ||| INVOKING Berserk.
 20443 | D:13     | Killed Frances
 20982 | D:13     | Reached skill level 15 in Shields
 20997 | D:13     | 20997 ||| INVOKING Trog's Hand.
 21059 | D:13     | Found a gate to the Vaults.
 21064 | D:13     | Reached skill level 9 in Dodging
 21315 | D:13     | 21315 ||| DROPPING +2 pair of gloves.
 21316 | D:13     | 21316 ||| DROPPING +4 ring of protection.
 21317 | D:13     | 21317 ||| READING scroll labelled NIPHEV YRGHUYQOSK.
 21376 | D:14     | 21376 ||| STAIRDANCE
 21383 | D:13     | Received a gift from Trog
 21721 | D:14     | 21721 ||| INVOKING Brothers in Arms.
 21722 | D:14     | 21722 ||| SWAPPING to +6 war axe of flaming.
 21723 | D:14     | 21723 ||| SWAPPING to +8 broad axe "Uficw" {antimagic, rN+
                  | Str+4 Int-3 Stlth+}.
 21727 | D:14     | 21727 ||| SWAPPING to +6 war axe of flaming.
 21728 | D:14     | 21728 ||| INVOKING Berserk.
 21741 | D:14     | 21741 ||| SWAPPING to +8 broad axe "Uficw" {antimagic, rN+
                  | Str+4 Int-3 Stlth+}.
 22151 | D:14     | 22151 ||| READING 13 scrolls of identify.
 22151 | D:14     | 22151 ||| IDENTIFYING smoky ruby potion
 22200 | D:15     | Entered Level 15 of the Dungeon
 22214 | D:15     | 22214 ||| INVOKING Berserk.
 22319 | D:15     | Noticed Kirke
 22320 | D:15     | 22320 ||| INVOKING Trog's Hand.
 22328 | D:15     | Killed Kirke
 22590 | D:15     | 22590 ||| Stepping ~*~*~tactically~*~*~ (water).
 22607 | D:15     | 22607 ||| INVOKING Brothers in Arms.
 22608 | D:15     | 22608 ||| SWAPPING to +6 war axe of flaming.
 22612 | D:15     | 22612 ||| SWAPPING to +8 broad axe "Uficw" {antimagic, rN+
                  | Str+4 Int-3 Stlth+}.
 22622 | D:15     | 22622 ||| INVOKING Berserk.
 22671 | D:15     | 22671 ||| INVOKING Berserk.
 22683 | D:15     | Reached skill level 15 in Armour
 22683 | D:15     | Reached XP level 16. HP: 151/151 MP: 5/15
 22936 | D:15     | 22936 ||| INVOKING Trog's Hand.
 23211 | D:15     | 23211 ||| READING scroll of enchant armour.
 23211 | D:15     | 23211 ||| ENCHANTING +6 plate armour of fire resistance.
 23215 | D:15     | Noticed Nessos
 23218 | D:15     | 23218 ||| INVOKING Brothers in Arms.
 23219 | D:15     | 23219 ||| INVOKING Berserk.
 23226 | D:15     | Killed Nessos
 23226 | D:15     | Received a gift from Trog
 23322 | D:15     | 23322 ||| INVOKING Berserk.
 23347 | D:15     | Found a staircase to the Depths.
 23798 | Spider:1 | Entered Level 1 of the Spider Nest
 23799 | Spider:1 | 23799 ||| Entered N.
 23894 | Spider:1 | 23894 ||| INVOKING Brothers in Arms.
 23982 | Spider:1 | 23982 ||| INVOKING Brothers in Arms.
 24447 | Spider:1 | 24447 ||| INVOKING Brothers in Arms.
 24723 | Spider:1 | 24723 ||| INVOKING Brothers in Arms.
 24725 | Spider:1 | 24725 ||| Stepping randomly (stuck).
 25055 | Spider:1 | 25055 ||| DROPPING ring of positive energy.
 25056 | Spider:1 | 25056 ||| UPGRADING to +6 ring of intelligence.
 25091 | Spider:2 | 25091 ||| INVOKING Brothers in Arms.
 25094 | Spider:2 | 25094 ||| DRINKING 8 potions of curing.
 25094 | Spider:2 | 25094 ||| (to cure confusion)
 25100 | Spider:2 | 25100 ||| DRINKING 7 potions of curing.
 25100 | Spider:2 | 25100 ||| (to cure confusion)
 25116 | Spider:2 | 25116 ||| INVOKING Brothers in Arms.
 25235 | Spider:2 | 25235 ||| INVOKING Brothers in Arms.
 25271 | Spider:2 | 25271 ||| Stepping ~*~*~tactically~*~*~ (water).
 25273 | Spider:2 | 25273 ||| Stepping ~*~*~tactically~*~*~ (water).
 25276 | Spider:2 | 25276 ||| INVOKING Brothers in Arms.
 25277 | Spider:2 | 25277 ||| INVOKING Brothers in Arms.
 25365 | Spider:2 | 25365 ||| Stepping ~*~*~tactically~*~*~ (water).
 25422 | Spider:2 | 25422 ||| INVOKING Brothers in Arms.
 25425 | Spider:2 | Noticed Arachne
 25430 | Spider:2 | 25430 ||| INVOKING Berserk.
 25439 | Spider:2 | Killed Arachne
 25890 | Spider:2 | 25890 ||| Stepping ~*~*~tactically~*~*~ (water).
 25959 | Spider:3 | 25959 ||| INVOKING Brothers in Arms.
 26161 | Spider:3 | 26161 ||| INVOKING Brothers in Arms.
 26168 | Spider:3 | 26168 ||| INVOKING Brothers in Arms.
 26169 | Spider:3 | 26169 ||| INVOKING Berserk.
 26451 | Spider:3 | 26451 ||| INVOKING Berserk.
 26767 | Spider:3 | 26767 ||| DROPPING ring of see invisible.
 26768 | Spider:3 | 26768 ||| READING scroll labelled JUECKIEDWE.
 26769 | Spider:3 | 26769 ||| DROPPING scroll of holy word.
 26784 | Spider:4 | Entered Level 4 of the Spider Nest
 26785 | Spider:4 | 26785 ||| INVOKING Brothers in Arms.
 26793 | Spider:4 | 26793 ||| INVOKING Brothers in Arms.
 26930 | Spider:4 | 26930 ||| INVOKING Berserk.
 27111 | Spider:4 | 27111 ||| INVOKING Brothers in Arms.
 27214 | Spider:4 | 27214 ||| INVOKING Brothers in Arms.
 27251 | Spider:4 | Reached skill level 18 in Fighting
 27267 | Spider:4 | 27267 ||| INVOKING Brothers in Arms.
 27268 | Spider:4 | 27268 ||| INVOKING Brothers in Arms.
 27269 | Spider:4 | 27269 ||| INVOKING Brothers in Arms.
 27270 | Spider:4 | 27270 ||| INVOKING Brothers in Arms.
 27271 | Spider:4 | 27271 ||| INVOKING Brothers in Arms.
 27272 | Spider:4 | 27272 ||| INVOKING Brothers in Arms.
 27273 | Spider:4 | 27273 ||| INVOKING Brothers in Arms.
 27279 | Spider:4 | Reached XP level 17. HP: 147/163 MP: 5/16
 27315 | Spider:4 | 27315 ||| Stepping ~*~*~tactically~*~*~ (water).
 27548 | Spider:4 | 27548 ||| Stepping ~*~*~tactically~*~*~ (water).
 27549 | Spider:4 | 27549 ||| INVOKING Berserk.
 27563 | Spider:4 | HP: 37/163 [something (6)]
 27996 | Spider:4 | 27996 ||| DRINKING potion of resistance.
 27997 | Spider:4 | 27997 ||| INVOKING Berserk.
 28020 | Spider:4 | Reached skill level 18 in Shields
 28170 | Spider:4 | Got a gossamer rune of Zot
 28796 | Vaults:1 | Entered Level 1 of the Vaults
 28797 | Vaults:1 | 28797 ||| Entered V.
 28833 | Vaults:1 | 28833 ||| INVOKING Trog's Hand.
 28987 | Vaults:1 | 28987 ||| STAIRDANCE
 29031 | D:13     | 29031 ||| STAIRDANCE
 29330 | Vaults:1 | 29330 ||| INVOKING Trog's Hand.
 29374 | Vaults:1 | 29374 ||| INVOKING Brothers in Arms.
 29375 | Vaults:1 | 29375 ||| INVOKING Berserk.
 29399 | Vaults:1 | 29399 ||| INVOKING Brothers in Arms.
 29404 | Vaults:1 | 29404 ||| INVOKING Trog's Hand.
 29412 | Vaults:1 | 29412 ||| INVOKING Brothers in Arms.
 29427 | Vaults:1 | HP: 7/165 [enormous slime creature[a boggart] (49)]
 29428 | Vaults:1 | 29428 ||| DRINKING 3 potions of heal wounds.
 29428 | Vaults:1 | Annihilated by an enormous slime creature

Levels and vault maps discovered:
D:1:      dpeg_arrival_lava_temple_mockup, layout_basic,
          shapermc_ecumenical_altar_rom_forum, minmay_misc_feat_columns,
          minmay_misc_feat_rugged
D:2:      layout_basic, kennysheep_generic_room_7
D:3:      layout_loops_ring, nicolae_dithmenos_shadow_blocks, serial_glass,
          glass_columns_a, glass_columns_b, glass_columns_b, glass_columns_c,
          glass_columns_a, glass_columns_c, glass_columns_c, glass_columns_a,
          glass_columns_c, glass_columns_b
D:4:      layout_loops_cross, good_gods_temple_1,
          minmay_temple_entry_statues_fountains, amcnicky_mini_corridor_feature,
          uniq_robin, uniq_pikel
D:5:      black_bear_nest_2, layout_basic, serial_shops,
          nicolae_take_the_stairs, minmay_misc_feat_pillars, minivault_25,
          minmay_pentangle
D:6:      layout_basic, serial_shops, nicolae_lakefront_shop,
          portal_sewer_entry_b, uniq_duvessa
D:7:      statuecave_lemuel, layout_rooms,
          grunt_temple_overflow_champion_of_chaos, minitemple,
          hangedman_abyss_or_decor_stabs, minmay_checkerbox
D:8:      layout_cave_pods, lair_entry_dummy, uniq_maurice, uniq_grum
D:9:      layout_roguey, serial_curves, eino_curves_01, eino_curves_03,
          serial_shops, nicolae_shop_overgrown_old_shop, uniq_erica
D:10:     layout_loops_ring, vehumet_altar_wand_db, slow_altar_1, uniq_harold
D:11:     layout_basic
D:12:     layout_rooms, orc_0_dummy, uniq_azrael
D:13:     layout_stronghold, grunt_vaults_entry_tiered, serial_co_window_serial,
          co_window_of_opportunity_a, co_window_cross_1,
          co_window_of_opportunity_a, co_window_paths_a,
          co_window_of_opportunity_a, co_window_corner_b,
          co_window_of_opportunity_c, co_window_corner_ca, co_window_paths_d,
          glass_columns_a, glass_columns_a, glass_columns_b,
          corexii_hall_statues_t, minmay_microvault, uniq_frances
D:14:     layout_roguey
D:15:     grunt_enter_depths_snipers, layout_basic, nicolae_benzene_ring,
          hangedman_decor_push, uniq_nessos, uniq_kirke
Temple:   compressed_dpeg_triangle_lava_temple
Lair:1:   layout_hall_layers
Lair:2:   layout_layer_cave, palyth_hydra_swamp_entry, spider_nest_entry_webs,
          serial_bayou_pond_e, infiniplex_staircase_pool_2,
          minmay_lair_oklob_chamber, grunt_megastairs_2, serial_bayou_shore_b,
          uniq_gastronok
Lair:3:   layout_loops_ring, grunt_megastairs_1
Lair:4:   layout_regular_city, portal_ice_cave_entry_imps, uniq_josephine
Lair:5:   layout_roguey, wad_woods_03, serial_bayou_shore_b
Lair:6:   hangedman_lair_caniforms_friends, layout_misc_corridors,
          minmay_slime_entry_pillars
Spider:1: layout_chambers
Spider:2: layout_spider_delve, uniq_arachne
Spider:3: layout_spider_delve
Spider:4: spider_rune_water
Orc:1:    layout_caves, serial_shops, nicolae_shop_behind_doors, basic_altar,
          enter_bailey_2, uniq_snorg, uniq_nergalle
Orc:2:    st_orc_rangers, layout_caves, serial_shops, shop, uniq_erolcha
Vaults:1: nicolae_vaults_little_squares_4, vaults_mumra_hexcomb,
          ontoclasm_vaults_twist, v_misc_28,
          vaults_standard_mumra_enter_the_diamond, nicolae_vaults_murderbox,
          vaults_room_pool, nicolae_vaults_little_squares_3,
          layout_vaults_omnigrid, serial_shops, shop

Skill      XL: |  1  2  3  4  5  6  7  8  9 10 11 12 13 14 15 16 17 |
---------------+----------------------------------------------------+-----
Axes           | 3 4 5 6 7 8 11 12 14 15 17 18 | 18.0
Dodging        | 1 3 4 5 6 8 9 10 11 | 11.0
Fighting       | 7 8 9 10 11 13 14 16 18 | 18.2
Shields        | 4 5 8 9 11 12 14 16 17 18 | 18.0
Armour         | 4 6 8 9 10 12 14 15 16 17 | 17.0

Action                   |  1- 3 |  4- 6 |  7- 9 | 10-12 | 13-15 | 16-18 || total
-------------------------+-------+-------+-------+-------+-------+-------++-------
Melee: War axe           |   128 |    33 |       |       |    11 |       ||   172
       Headbutt          |    14 |    14 |    25 |    91 |   258 |   182 ||   584
       Broad axe         |       |    20 |   144 |   395 |   961 |   597 ||  2117
       Morningstar       |       |       |       |     1 |     9 |       ||    10
Invok: Berserk           |       |       |     3 |    14 |    15 |     9 ||    41
       Brothers in Arms  |       |       |       |     3 |    11 |    20 ||    34
       Trog's Hand       |       |       |       |       |     4 |     4 ||     8
  Use: Scroll            |     1 |     5 |     5 |     9 |    12 |     2 ||    34
       Potion            |     1 |       |     2 |     1 |     2 |     4 ||    10
 Stab: Held in net/web   |       |       |       |       |     1 |       ||     1
       Distracted        |       |       |       |       |     2 |     4 ||     6
Armor: Scale mail        |    41 |       |       |       |       |       ||    41
       Plate armour      |    26 |    21 |    52 |   183 |   258 |   286 ||   826
Dodge: Dodged            |    26 |     9 |    22 |   117 |   358 |   257 ||   789
Block: Kite shield       |    47 |    20 |    47 |    68 |       |       ||   182
       Tower shield      |       |       |       |   212 |   983 |   585 ||  1780
       Reflection        |       |       |       |       |    70 |       ||    70

Table legend:
 A = Non-vault XP
 B = Vault XP
 C = Vault XP percentage of total XP
 D = Non-vault monster count
 E = Vault monster count
 F = Vault count percentage of total count
                 A         B        C        D         E       F
            +---------+---------+-------+---------+---------+-------
      Total |  176728 |   81090 |  31.5 |     705 |     264 |  27.2
            +---------+---------+-------+---------+---------+-------
        D:1 |      58 |       0 |   0.0 |      31 |       0 |   0.0
        D:2 |      46 |       7 |  13.2 |      25 |       3 |  10.7
        D:3 |     134 |       0 |   0.0 |      28 |       0 |   0.0
        D:4 |     381 |     716 |  65.3 |      14 |      10 |  41.7
        D:5 |     736 |     169 |  18.7 |       7 |       3 |  30.0
        D:6 |    2986 |     233 |   7.2 |      24 |       8 |  25.0
        D:7 |    1383 |     316 |  18.6 |      28 |       5 |  15.2
        D:8 |    1262 |     892 |  41.4 |      26 |       4 |  13.3
        D:9 |     889 |     923 |  50.9 |      14 |       1 |   6.7
       D:10 |    1464 |    1046 |  41.7 |      16 |       3 |  15.8
       D:11 |    7216 |       0 |   0.0 |      12 |       0 |   0.0
       D:12 |    5634 |    2610 |  31.7 |      23 |       9 |  28.1
       D:13 |    6774 |   10079 |  59.8 |      17 |      27 |  61.4
       D:14 |   14596 |       0 |   0.0 |      25 |       0 |   0.0
       D:15 |   15491 |    5523 |  26.3 |      28 |       5 |  15.2
     Lair:1 |    2506 |       0 |   0.0 |      13 |       0 |   0.0
     Lair:2 |    4412 |    6238 |  58.6 |      20 |      14 |  41.2
     Lair:3 |   10138 |       0 |   0.0 |      25 |       0 |   0.0
     Lair:4 |    6074 |    2019 |  24.9 |      22 |      17 |  43.6
     Lair:5 |    5562 |       0 |   0.0 |      20 |       0 |   0.0
     Lair:6 |   23602 |    9584 |  28.9 |      63 |      59 |  48.4
   Spider:1 |   16782 |       0 |   0.0 |      57 |       0 |   0.0
   Spider:2 |   13413 |    3089 |  18.7 |      40 |       1 |   2.4
   Spider:3 |    9728 |       0 |   0.0 |      29 |       0 |   0.0
   Spider:4 |   11508 |   22896 |  66.6 |      32 |      43 |  57.3
      Orc:1 |    3111 |    1052 |  25.3 |      43 |       3 |   6.5
      Orc:2 |     771 |    5750 |  88.2 |       8 |      40 |  83.3
   Vaults:1 |   10071 |    7948 |  44.1 |      15 |       9 |  37.5
            +---------+---------+-------+---------+---------+-------
